 Dungeon Crawl Stone Soup version 0.27-a0-1324-ge0d8e047f6 (webtiles) character file.

Game seed: 6661646864098721251

923 Araneus the Basher (level 7, -3/52 HPs)
             Began as a Demonspawn Fighter on June 23, 2021.
             Was a Follower of Okawaru.
             Slain by Menkaure (16 damage)
             ... on level 5 of the Dungeon.
             The game lasted 00:13:54 (5006 turns).

Araneus the Basher (Demonspawn Fighter)             Turns: 5006, Time: 00:13:54

Health: -3/52      AC: 10    Str: 18    XL:     7   Next: 84%
Magic:  7/7        EV:  8    Int: 10    God:    Okawaru [*.....]
Gold:   172        SH:  8    Dex: 12    Spells: 6/6 levels left

rFire    . . .     SeeInvis .   a - +0 flail
rCold    + . .     Faith    .   c - +0 kite shield
rNeg     . . .     Spirit   .   t - +0 chain mail {rC+}
rPois    .         Reflect  .   (helmet unavailable)
rElec    .         Harm     .   (no cloak)
rCorr    .         Rampage  .   (no gloves)
Will     .....                  (no boots)
Stlth    ..........             (no amulet)
HPRegen  0.17/turn              l - +4 ring of evasion
MPRegen  0.10/turn              (no ring)

@: no status effects
A: horns 3, slimy green scales 1
a: Renounce Religion, Heroism


You were on level 5 of the Dungeon.
You worshipped Okawaru.
Okawaru was aware of your devotion.
You visited 1 branch of the dungeon, and saw 5 of its levels.

You collected 172 gold pieces.

Inventory:

Hand Weapons
 a - a +0 flail (weapon)
 d - the +7 mace of Unpleasantness {freeze, rC- Str-2 Int+7 Dex+3}
   (You found it on level 4 of the Dungeon)

   It has been specially enchanted to freeze those struck by it, causing extra
   injury to most foes and up to half again as much damage against particularly
   susceptible opponents.
   It can also slow down cold-blooded creatures.
   It affects your strength (-2).
   It affects your intelligence (+7).
   It affects your dexterity (+3).
   It makes you vulnerable to cold.
Armour
 c - a +0 kite shield (worn)
 t - a +0 chain mail of cold resistance (worn)
Jewellery
 l - a +4 ring of evasion (left hand)
 n - a ring of fire
 o - an amulet of regeneration
Wands
 k - a wand of mindburst (22)
Scrolls
 b - a scroll of immolation {unknown}
 e - a scroll of magic mapping {unknown}
 f - a scroll of enchant armour {unknown}
 g - 2 scrolls of fog {unknown}
 i - 2 scrolls of teleportation {unknown}
 j - 3 scrolls of identify
 m - a scroll of enchant weapon {unknown}
 p - a scroll of fear {unknown}
 r - a scroll of vulnerability {unknown}
 u - a scroll of acquirement {unknown}
Potions
 h - a potion of lignification
 q - a potion of brilliance
 s - a potion of curing


   Skills:
 - Level 3.0 Fighting
 + Level 8.4 Maces & Flails
 - Level 2.6 Armour
 - Level 2.6 Shields
 * Level 0.2 Invocations


You had 6 spell levels left.
You didn't know any spells.
Your spell library was empty.

Dungeon Overview and Level Annotations

Branches:
Dungeon (5/15)
 Temple: D:4-7

Altars:
Okawaru

Shops:
D:1 =

Annotations:
D:5 Menkaure


Innate Abilities, Weirdness & Mutations

You have a pair of large horns on your head.
You are partially covered in slimy green scales. (AC +2)


Message History

Things that are here:
a +0 dagger; 4 stones
s - a potion of curing
Found a stone staircase leading up.
u - a scroll labelled CIODOKHLIRIU
There is a stone staircase leading up here.
There is a stone staircase leading up here.
An adder and a jelly come into view.
The jelly quivers.
Found 18 arrows.
Menkaure, Prince of Dust comes into view.
Menkaure calls on the powers of darkness!
The jelly convulses!
Your body is wracked with pain!
The adder convulses!
There is a stone staircase leading up here.
You closely miss the adder.
The adder is moderately wounded.
The adder barely misses you.
Menkaure mumbles some strange words.
Menkaure seems to speed up.
You miss the adder. Your headbutt misses the adder.
The adder is moderately wounded.
The adder bites you. x2
You are too injured to fight recklessly!
You hit the adder. Your headbutt misses the adder.
The adder is almost dead.
The adder barely misses you. You block the adder's attack.
You sock the adder!
You kill the adder!
Okawaru accepts your kill.
You sock the jelly!
You kill the jelly!
Okawaru accepts your kill.
Okay, then.
Menkaure sighs in an indecipherable tongue.
Menkaure hits you!
* * * LOW HITPOINT WARNING * * *
You hit Menkaure. Your headbutt misses Menkaure.
Menkaure is moderately damaged.
Menkaure hits you!
You die...

##..# #...# #..## ## ##
##.## ##... .## #..##
...... ..## #...#
###..≈.≈≈ #..## #...##
##...≈.≈.. ##..##
##...#####..[.≈.≈..
##.<####.......@#.#.(...M
##.............M## .##..
#............### ..
#######.....## .# ####..#
# #..# #### #..# ...##
#..# ....#


You could see Menkaure (fast).

Vanquished Creatures
  An ice beast (D:5)
  2 necrophages (D:4)
  An ogre (D:4)
  A kobold brigand (D:5)
  A phantom (D:4)
  A hound (D:4)
  A jelly (D:5)
  A gnoll shaman (D:4)
  Crazy Yiuf (D:4)
  A bullfrog skeleton (D:4)
  Jessica (D:3)
  A centaur skeleton (D:4)
  A hound skeleton (D:4)
  11 gnolls
  3 adders
  An adder skeleton (D:4)
  A dart slug (D:2)
  3 ball pythons
  8 bats
  8 endoplasms
  5 giant cockroaches
  6 goblins
  10 hobgoblins
  15 jackals
  3 quokkas (D:4)
  5 frilled lizards
  19 kobolds
  4 rats
116 creatures vanquished.

Notes
Turn   | Place    | Note
-------+----------+-------------------------------------------
     0 | D:1      | Araneus the Demonspawn Fighter began the quest for the Orb.
     0 | D:1      | Reached XP level 1. HP: 18/18 MP: 1/1
    46 | D:1      | Reached skill level 2 in Maces & Flails
   297 | D:1      | Gained mutation: You have a pair of small horns on your
                  | head. [demonic ancestry]
   297 | D:1      | Reached XP level 2. HP: 5/24 MP: 2/2
   671 | D:1      | Reached skill level 3 in Maces & Flails
   723 | D:1      | HP: 1/24 [hobgoblin (4)]
   726 | D:1      | Gained mutation: You have a pair of horns on your head.
                  | [demonic ancestry]
   726 | D:1      | Reached XP level 3. HP: 1/29 MP: 3/3
  1208 | D:1      | Found Ucruan's Jewellery Emporium.
  2047 | D:2      | Reached skill level 4 in Maces & Flails
  2047 | D:2      | Reached XP level 4. HP: 33/35 MP: 4/4
  2135 | D:2      | Found a faded altar of an unknown god.
  2802 | D:3      | Gained mutation: You have a pair of large horns on your
                  | head. [demonic ancestry]
  2802 | D:3      | Reached XP level 5. HP: 24/41 MP: 5/5
  3331 | D:3      | Noticed Jessica
  3338 | D:3      | Killed Jessica
  3339 | D:3      | Reached skill level 5 in Maces & Flails
  3400 | D:4      | Noticed a phantom
  3466 | D:4      | Noticed a necrophage
  3479 | D:4      | Killed a necrophage
  3480 | D:4      | Reached skill level 6 in Maces & Flails
  3480 | D:4      | Gained mutation: You are partially covered in slimy green
                  | scales. (AC +2) [demonic ancestry]
  3480 | D:4      | Reached XP level 6. HP: 45/47 MP: 6/6
  3912 | D:4      | Found an iron altar of Okawaru.
  3916 | D:4      | Became a worshipper of Warmaster Okawaru
  4002 | D:4      | Reached skill level 7 in Maces & Flails
  4062 | D:4      | Reached XP level 7. HP: 52/52 MP: 7/7
  4460 | D:4      | Found a runed translucent door.
  4461 | D:4      | Noticed Crazy Yiuf
  4467 | D:4      | Killed Crazy Yiuf
  4471 | D:4      | Identified the +7 mace of Unpleasantness {freeze, rC- Str-2
                  | Int+7 Dex+3}
  4751 | D:5      | Entered Level 5 of the Dungeon
  4784 | D:5      | Reached skill level 8 in Maces & Flails
  4803 | D:5      | Reached * piety under Okawaru
  4992 | D:5      | Noticed Menkaure
  5006 | D:5      | Slain by Menkaure

Illustrated notes

Levels and vault maps discovered:
D:1:      minmay_arrival_checkered_box, layout_rooms, serial_shops, shop
D:2:      layout_rooms, serial_aquarium, aquarium_bridge_long_separate
          [aquarium_subvault_bridge, aquarium_subvault_bridge,
          aquarium_subvault_window, aquarium_subvault_window,
          aquarium_subvault_bridge, aquarium_subvault_wall], aquarium_window_3,
          aquarium_window_fake, aquarium_window_fake, aquarium_view_2f,
          aquarium_view_2c, ebering_ecumenical_altar_hall
D:3:      layout_basic, minmay_misc_feat_nine_boxes, uniq_jessica
D:4:      layout_gridville, marbit_many_paths, uniq_crazy_yiuf_cottage
D:5:      gammafunk_steamed_eel, layout_layer_cave,
          chequers_serial_rivers_micro_c, uniq_menkaure

Skill      XL: |  1  2  3  4  5  6  7 |
---------------+----------------------+-----
Maces & Flails | 2 3 4 6 7 8 |  8.4
Fighting       | |  3.0
Armour         | |  2.6
Shields        | |  2.6
Invocations    | |  0.2

Action                   |  1- 3 |  4- 6 |  7- 9 || total
-------------------------+-------+-------+-------++-------
Melee: Flail             |   183 |   139 |    79 ||   401
       Headbutt          |    16 |    29 |     8 ||    53
  Use: Potion            |       |     4 |     1 ||     5
       Scroll            |       |     2 |       ||     2
Armor: Scale mail        |   102 |       |       ||   102
       Chain mail        |    26 |    69 |    48 ||   143
Dodge: Dodged            |    65 |    54 |    30 ||   149
Block: Kite shield       |   124 |    70 |    40 ||   234

Table legend: (Time is in decaauts)
 A = Elapsed time spent in this place.
 B = Non-inter-level travel time spent in this place.
 C = Inter-level travel time spent in this place.
 D = Time resting spent in this place.
 E = Time spent auto-exploring this place.
 F = Levels seen in this place.
 G = Mean time per level.
                   A        B        C        D        E       F      G
               +--------+--------+--------+--------+--------+-----+--------+
         Total |   5178 |   4974 |    204 |    746 |   3259 |   5 | 1035.6 |
       Dungeon |   5178 |   4974 |    204 |    746 |   3259 |   5 | 1035.6 |
               +--------+--------+--------+--------+--------+-----+--------+

Top non-repeatable levels by time:
     D:1: 1639 daAuts
     D:4: 1369 daAuts
     D:2: 979 daAuts
     D:3: 951 daAuts
     D:5: 237 daAuts
